Map: Blackburn LE

Players

bean

  • Race: Terran Terran
  • League: Platinum

MrKB - Winner!

  • Race: Protoss Protoss
  • League: Platinum

VOD

Have the link to the VOD?

Description

Time

  • Played on: Dec. 21, 2021, 10:51 p.m.
  • Length: 15:09
Show
View Real Time Build Order
Export as new Build Order

bean Terran 

Build Orders:  

Get SALT Encoding   

  12  0:00  SCV  
  13  0:12  SCV  
  14  0:17  Supply Depot  
  14  0:26  SCV  
  15  0:39  SCV  
  15  0:41  Barracks  
  16  0:51  SCV  
  17  0:57  Refinery  
  17  1:03  SCV  
  18  1:18  SCV  
  19  1:30  Orbital Command  
  19  1:41  Barracks  
  19  1:48  Barracks Reactor  
  19  1:57  Command Center  
  19  2:01  SCV  
  20  2:13  Supply Depot  
  20  2:27  Marine  
  20  2:29  Marine  
  22  2:30  Barracks  
  22  2:34  SCV  
  23  2:41  Refinery  
  23  2:44  Barracks Tech Lab  
  23  2:51  SCV  
  24  3:03  SCV  
  25  3:07  Stimpack  
  25  3:11  Orbital Command  
  25  3:13  Marine  
  25  3:15  SCV  
  25  3:17  Barracks Tech Lab  
  27  3:21  Marine  
  27  3:23  Marine  
  29  3:27  SCV  
  30  3:35  Marine x2  
  30  3:36  Combat Shield  
  30  3:39  SCV  
  33  3:41  Marine x2  
  35  3:49  Factory  
  35  3:50  SCV  
  35  3:53  Marine  
  35  3:54  Marine  
  38  3:59  Supply Depot  
  38  4:02  SCV  
  39  4:07  Marine x2  
  41  4:12  Marauder  
  41  4:14  SCV  
  43  4:26  Marauder  
  43  4:30  SCV  
  43  4:31  Marine x2, SCV  
  47  4:34  Starport  
  47  4:35  Factory Reactor  
  49  4:40  Supply Depot  
  49  4:42  SCV  
  49  4:44  SCV  
  49  4:45  Supply Depot  
  51  4:46  Marine  
  51  4:47  Marine  
  51  4:52  Marine  
  54  4:56  Concussive Shells  
  54  5:01  Marine  
  54  5:02  SCV x2  
  54  5:05  Marauder  
  59  5:07  Supply Depot  
  59  5:08  Supply Depot  
  60  5:14  SCV  
  60  5:23  Factory Tech Lab  
  60  5:26  Medivac x2  
  60  5:27  Marine x2  
  60  5:28  Marine x2  
  66  5:35  Engineering Bay  
  68  5:39  Supply Depot  
  68  5:45  Marine x2  
  68  5:46  Marine x2  
  68  5:49  Siege Tank  
  75  5:54  Supply Depot  
  75  6:03  Marine x2  
  77  6:05  Marine x2  
  77  6:08  Medivac x2  
  77  6:10  SCV x2  
  85  6:19  Supply Depot  
  85  6:22  SCV x2  
  85  6:24  Siege Tank  
  90  6:26  Supply Depot  
  90  6:30  Marine x4  
  94  6:34  SCV  
  95  6:42  Medivac  
  97  6:48  Marine x4  
  100  7:06  Marine x4  
  100  7:08  Siege Tank  
  105  7:21  Engineering Bay, Command Center  
  105  7:23  Marine  
  105  7:24  Marine x3  
  109  7:35  Medivac  
  111  7:38  SCV x2  
  111  7:41  Marine x3  
  111  7:42  Marine  
  117  7:50  SCV  
  118  7:51  Barracks  
  118  7:53  Barracks  
  118  7:54  Supply Depot  
  118  7:57  Supply Depot  
  118  8:05  Refinery  
  118  8:06  Refinery  
  118  8:15  Marine x4, SCV  
  123  8:33  Marine x4  
  121  8:52  Marine x4  
  127  8:55  Siege Tank  
  127  8:57  Medivac  
  127  9:01  Barracks Tech Lab  
  127  9:02  Barracks Tech Lab  
  129  9:10  Supply Depot, Marine x4  
  129  9:11  Supply Depot  
  133  9:25  SCV x2  
  133  9:26  Orbital Command  
  133  9:27  Siege Tank  
  133  9:28  Marine, Marauder, Terran Infantry Weapons Level 1  
  133  9:29  Terran Infantry Armor Level 1  
  141  9:33  Supply Depot  
  141  9:34  Supply Depot  
  140  9:39  Marine  
  140  9:40  Marine x2, Armory, Marauder  
  140  9:43  SCV x2  
  147  9:45  Marine  
  147  9:48  Refinery  
  147  9:49  Marine  
  147  9:50  Refinery  
  149  9:55  SCV x2  
  149  9:57  Marine x2  
  149  9:58  Marine  
  157  10:00  Siege Tank  
  157  10:01  Marine  
  157  10:03  Marine  
  159  10:07  Marine, SCV  
  162  10:14  SCV x2  
  162  10:15  Marine x2  
  162  10:16  Command Center  
  162  10:19  SCV  
  166  10:26  SCV x2  
  168  10:31  Marine x3, SCV  
  168  10:32  Widow Mine  
  174  10:36  Marauder x2  
  174  10:37  Marine  
  174  10:38  SCV x2  
  181  10:46  Terran Vehicle Weapons Level 1  
  181  10:49  Supply Depot  
  181  10:51  Supply Depot  
  181  11:10  Marine x2  
  181  11:11  Marauder x3  
  189  11:12  Command Center  
  189  11:13  Supply Depot, Marauder  
  189  11:15  Supply Depot  
  191  11:28  Marine x2  
  191  11:31  Marine  
  191  11:32  Marauder x2  
  184  11:33  Marine  
  122  11:46  Marine x2, Siege Tank  
  105  11:48  Medivac x2  
  105  11:49  Orbital Command, Marine  
  105  11:51  Marine  
  105  11:53  Marine x2  
  104  11:55  SCV  
  100  12:03  Marine x2  
  100  12:07  Marine  
  103  12:09  Marine  
  103  12:11  Marine, Marauder, Factory  
  107  12:18  Viking, Siege Tank, Medivac  
  107  12:21  Marine  
  115  12:24  Terran Infantry Weapons Level 2  
  115  12:25  Marauder  
  115  12:26  Terran Infantry Armor Level 2  
  115  12:27  Marauder  
  115  12:28  Missile Turret  
  115  12:29  Marauder  
  121  12:30  SCV x2  
  121  12:33  Marauder  
  121  12:35  Barracks  
  125  12:48  Viking  
  125  12:50  Siege Tank  
  130  13:08  Marine x2  
  130  13:09  Marine x4  
  130  13:12  Factory Tech Lab  
  136  13:13  Viking  
  136  13:18  Viking  
  140  13:21  Barracks  
  140  13:23  Siege Tank  
  140  13:26  Barracks Tech Lab, Marine x3  
  140  13:27  Marine x3, Barracks  
  146  13:28  Barracks Reactor  
  146  13:30  Orbital Command  
  147  13:43  Viking  
  147  13:44  Marine x2  
  147  13:45  Marauder x2  
  109  13:50  Marine x2  
  109  13:55  Siege Tank  
  93  14:02  Marine x2, Siege Tank  
  93  14:06  Marine x2  
  93  14:08  Marine x2  
  90  14:17  Medivac  
  90  14:20  Marine x2  
  90  14:23  Marine  
  90  14:24  Marine  
  81  14:26  Orbital Command, Marine x2  
  81  14:27  Marine, Siege Tank  
  82  14:34  Siege Tank  
  82  14:37  Marine  
  82  14:38  Marine  
  86  14:39  Orbital Command  
  86  14:41  Marine x2, Barracks Reactor  
  86  14:43  Marine  
  86  14:44  Marine  
  86  14:45  Marine  
  91  14:54  SCV  
Show
View Real Time Build Order
Export as new Build Order

MrKB Protoss - Winner!

Build Orders: 1 Gate Expand, Oracle Opening 

Get SALT Encoding   

  12  0:00  Probe  
  13  0:12  Probe  
  14  0:18  Pylon  
  14  0:24  Probe  
  15  0:36  Probe (Chrono Boost)  
  15  0:39  Gateway  
  16  0:49  Probe (Chrono Boost)  
  17  0:51  Assimilator  
  18  0:57  Probe (Chrono Boost)  
  18  1:03  Probe  
  19  1:26  Nexus  
  19  1:36  Cybernetics Core  
  19  1:45  Pylon  
  19  1:48  Probe (Chrono Boost)  
  20  1:58  Probe (Chrono Boost)  
  20  2:00  Assimilator  
  21  2:03  Probe (Chrono Boost)  
  22  2:13  Gateway  
  22  2:15  Warp Gate  
  22  2:20  Stalker (Chrono Boost)  
  22  2:28  Probe  
  25  2:37  Probe  
  25  2:40  Probe  
  25  2:42  Stalker  
  29  2:53  Stargate  
  29  2:59  Shield Battery  
  29  3:04  Sentry  
  31  3:10  Probe, Pylon  
  32  3:13  Probe  
  33  3:25  Probe x2  
  35  3:37  Probe  
  35  3:39  Oracle  
  35  3:40  Probe  
  40  3:47  Gateway  
  40  3:49  Gateway, Probe  
  41  3:57  Probe  
  42  4:08  Twilight Council, Pylon  
  43  4:38  Probe  
  43  4:40  Robotics Facility  
  43  4:41  Assimilator, Robotics Facility  
  43  4:46  Probe  
  44  5:02  Forge  
  44  5:03  Nexus, Forge  
  44  5:04  Blink (Chrono Boost)  
  44  5:06  Pylon  
  44  5:08  Pylon  
  44  5:15  Probe x2  
  44  5:19  Assimilator  
  46  5:37  Probe x2  
  48  5:45  Immortal x2  
  48  5:49  Robotics Bay  
  56  5:52  Probe x2  
  58  6:03  Protoss Ground Weapons Level 1, Protoss Ground Armor Level 1  
  58  6:17  Zealot x4  
  66  6:27  Probe x2  
  66  6:30  Probe  
  69  6:33  Colossus (Chrono Boost)  
  69  6:39  Probe x2  
  77  6:42  Probe  
  78  6:51  Probe  
  74  7:16  Stalker  
  74  7:22  Pylon  
  76  7:23  Pylon  
  76  7:25  Pylon  
  76  7:34  Pylon  
  76  7:35  Pylon  
  76  7:37  Pylon  
  76  7:39  Colossus (Chrono Boost)  
  82  7:52  Nexus  
  82  7:53  Pylon  
  82  7:55  Pylon x2  
  82  7:57  Colossus (Chrono Boost)  
  88  8:01  Charge (Chrono Boost)  
  88  8:06  Zealot  
  88  8:07  Zealot x3  
  96  8:15  Gateway  
  96  8:16  Gateway  
  96  8:19  Gateway  
  96  8:23  Gateway  
  96  8:30  Extended Thermal Lance (Chrono Boost)  
  96  8:31  Templar Archives  
  96  8:39  Sentry x3  
  100  8:47  Protoss Ground Weapons Level 2 (Chrono Boost)  
  95  8:51  Protoss Ground Armor Level 2 (Chrono Boost)  
  95  8:52  Probe x2  
  97  9:04  Probe  
  97  9:05  Probe  
  99  9:14  Probe  
  99  9:16  Probe  
  99  9:17  Probe  
  102  9:18  Psionic Storm  
  102  9:20  High Templar x2  
  106  9:29  Probe x3  
  109  9:40  Assimilator  
  109  9:41  Probe x3  
  112  9:45  Assimilator  
  112  9:47  Colossus (Chrono Boost)  
  118  9:53  Probe  
  118  9:57  Probe x2  
  121  10:07  High Templar  
  121  10:08  Zealot x4  
  121  10:09  Zealot  
  121  10:13  High Templar  
  135  10:19  Probe x2  
  137  10:23  Colossus (Chrono Boost), Probe  
  144  10:40  Nexus  
  144  10:43  Pylon  
  144  10:44  High Templar, Pylon  
  144  10:46  High Templar, Pylon  
  148  10:55  Pylon  
  148  11:01  Protoss Ground Weapons Level 3 (Chrono Boost)  
  148  11:11  Protoss Ground Armor Level 3 (Chrono Boost)  
  148  11:18  Zealot x5  
  152  11:19  Zealot x2  
  124  11:40  Zealot x2  
  124  11:41  Zealot x5  
  128  12:02  Nexus  
  128  12:05  Pylon  
  128  12:06  Pylon  
  128  12:07  Colossus (Chrono Boost)  
  128  12:08  Pylon  
  134  12:16  Colossus (Chrono Boost)  
  140  12:31  Probe  
  140  12:32  Probe x2  
  143  12:38  High Templar x2  
  143  12:40  Zealot x3  
  143  12:41  Zealot  
  143  12:44  Probe  
  156  13:16  Warp Prism  
  156  13:17  Nexus  
  156  13:19  Pylon  
  158  13:20  High Templar x4, Pylon  
  158  13:21  High Templar  
  158  13:22  Pylon  
  158  13:25  High Templar x3  
  146  14:16  Zealot x2  
  146  14:17  Zealot x6  
  152  14:24  Gateway  
  162  14:25  Gateway  
  162  14:27  Gateway  
  162  14:29  Gateway  
  174  14:32  Gateway  
  174  14:34  Gateway  
  174  14:52  Sentry x2  
  178  14:53  Sentry  
Tags
 
Add a new tag
Caveats
  • Supply blocks, unpowered buildings, or Contaminate may cause inaccurate times.
  • Supply counts are checked every 10 seconds.